[Event "7th Sharjah Challengers 2024"]
[Site "Sharjah"]
[Date "2024.05.21"]
[Round "8.1"]
[White "Burmakin, Vladimir"]
[Black "Divya Deshmukh"]
[Result "1/2-1/2"]
[ECO "D45"]
[WhiteElo "2483"]
[BlackElo "2443"]
[Annotator "TA"]
[PlyCount "69"]
[EventDate "2024.05.13"]
[EventType "swiss"]
[EventCountry "UAE"]
[SourceTitle "playchess.com"]
[Source "ChessBase"]
[SourceQuality "1"]
[TimeControl "5400+30"]

1. Nf3 d5 2. b3 Nf6 3. Bb2 c6 4. c4 e6 5. e3 Bd6 6. d4 Nbd7 7. Be2 Qe7 8. Nc3 O-O 9. O-O b6 10. Qc2 Bb7 11. Rad1 Rfe8 12. e4 Nxe4 13. Nxe4 dxe4 14. Qxe4 Nf8 15. Qe3 Rad8 16. Qc3 f6 {[%emt 0:06:02] The position is equal.} 17. Qc2 Qf7 (17... c5 $15) 18. c5 $14 Bb8 19. Nd2 Ng6 20. g3 Ne7 21. Rfe1 Nd5 22. a3 bxc5 23. Qxc5 Qg6 24. Bf1 Kh8 25. Ne4 (25. Bg2 $16) 25... Re7 (25... f5 $11 {keeps the balance.} 26. Nd2 f4) 26. Qc1 h5 27. Nc5 Bc8 28. Qb1 ({White should try} 28. Qd2 $14) 28... f5 29. Qd3 h4 30. Qf3 Kg8 31. Be2 Bd6 32. Rc1 Rf8 33. Qh5 Qf6 34. Nd3 (34. Qxh4 $14 Qxh4 35. gxh4) 34... hxg3 $1 $15 35. fxg3 {[%emt 0:03:15] Weighted Error Value: White=0.22 (precise) /Black=0.18 (very precise) .  Mistake:       	White=3     	Black=2      Inaccurate:     	White=1     	Black=2      OK:         	White=3     	Black=3      Best:        	White=1     	---        Strong:       	---       	Black=1} 1/2-1/2

[Event "7th Sharjah Challengers 2024"]
[Site "Sharjah"]
[Date "2024.05.21"]
[Round "8.2"]
[White "Nitish Belurkar"]
[Black "Garifullina, Leya"]
[Result "0-1"]
[ECO "B90"]
[WhiteElo "2451"]
[BlackElo "2431"]
[Annotator "RC"]
[PlyCount "76"]
[EventDate "2024.05.13"]
[EventType "swiss"]
[EventCountry "UAE"]
[SourceTitle "playchess.com"]
[Source "ChessBase"]
[SourceQuality "1"]
[TimeControl "5400+30"]

1. e4 c5 2. Nf3 d6 3. d4 cxd4 4. Nxd4 Nf6 5. Nc3 a6 6. h3 e5 7. Nf3 Be7 8. g4 h6 9. Rg1 b5 10. g5 hxg5 11. Nxg5 Bb7 12. Be3 Qc7 13. Qd2 Nbd7 14. O-O-O b4 15. Nd5 Nxd5 16. exd5 Nf6 17. Bg2 Bc8 18. Qxb4 Rb8 19. Qa3 Bf5 20. Rd2 O-O 21. Kb1 Rb5 22. b3 Rfb8 23. Ka1 a5 24. c4 Qxc4 25. Bf1 Qb4 26. Qxb4 Rxb4 27. Bc4 Nd7 28. f3 Nb6 29. Bd3 Bxd3 30. Rxd3 a4 31. Rg4 Rb5 32. Bxb6 R5xb6 33. Kb2 f5 34. Rg2 Bf6 35. Kc2 Ra6 36. bxa4 Rxa4 37. a3 e4 38. Rb3 Rc4+ 0-1

[Event "7th Sharjah Challengers 2024"]
[Site "Sharjah"]
[Date "2024.05.21"]
[Round "8.3"]
[White "Wang, Yanbin"]
[Black "Lashkin, Jegor"]
[Result "1/2-1/2"]
[ECO "D40"]
[WhiteElo "2415"]
[BlackElo "2449"]
[Annotator "RC"]
[PlyCount "99"]
[EventDate "2024.05.13"]
[EventType "swiss"]
[EventCountry "UAE"]
[SourceTitle "playchess.com"]
[Source "ChessBase"]
[SourceQuality "1"]
[TimeControl "5400+30"]

1. Nf3 d5 2. e3 c5 3. d4 Nf6 4. c4 e6 5. Nc3 Nc6 6. a3 dxc4 7. Bxc4 a6 8. O-O b5 9. Ba2 Bb7 10. Qe2 Qc7 11. d5 exd5 12. Nxd5 Nxd5 13. Bxd5 Be7 14. e4 O-O 15. Rd1 Rad8 16. Be3 Na5 17. Qc2 Bxd5 18. exd5 Nc4 19. Bg5 h6 20. Bxe7 Qxe7 21. Rac1 Rc8 22. b3 Nxa3 23. Qb2 b4 24. d6 Qe6 25. Qe5 Rfd8 26. Qxe6 fxe6 27. Ne5 Nb5 28. d7 Rc7 29. Ra1 Nd4 30. Rxa6 Rcxd7 31. Nxd7 Rxd7 32. Kf1 Kf7 33. Rc6 Rd5 34. Rxc5 Rxc5 35. Rxd4 Rc1+ 36. Ke2 Rc2+ 37. Ke1 Rc1+ 38. Kd2 Rh1 39. h4 Rh2 40. Rf4+ Ke7 41. Rg4 h5 42. Rxg7+ Kf6 43. Rg8 Rxh4 44. Ke3 e5 45. Rh8 Kg6 46. g3 Rd4 47. f4 Rd1 48. fxe5 Rb1 49. Rf8 Rxb3+ 50. Ke4 1/2-1/2

[Event "7th Sharjah Challengers 2024"]
[Site "Sharjah"]
[Date "2024.05.21"]
[Round "8.4"]
[White "Harsh Suresh"]
[Black "Delgado Ramirez, Neuris"]
[Result "1/2-1/2"]
[ECO "D27"]
[WhiteElo "2417"]
[BlackElo "2489"]
[Annotator "TA"]
[PlyCount "134"]
[EventDate "2024.05.13"]
[EventType "swiss"]
[EventCountry "UAE"]
[SourceTitle "playchess.com"]
[Source "ChessBase"]
[SourceQuality "1"]
[TimeControl "5400+30"]

1. e4 c5 2. Nf3 a6 3. c3 d5 4. exd5 Qxd5 5. d4 e6 6. Be2 cxd4 7. cxd4 Nf6 8. Nc3 Qd8 9. O-O Nc6 10. Bg5 Be7 11. Rc1 {[%emt 0:00:32] D27: Queen's Gambit Accepted: Classical main line: 7 e4!? and 7 a4.} O-O 12. Bh4 Nh5 $146 ({Predecessor:} 12... b6 13. a3 Bb7 14. Bd3 Rc8 15. Bb1 Nd5 16. Bxe7 Ncxe7 17. Qd2 Nxc3 18. bxc3 Bxf3 19. Qd3 g6 20. Qxf3 {0-1 Rizouk,A (2312)-Sundararajan,K (2334) Wch U20 Yerevan 1999 (12)}) 13. Bxe7 Nxe7 14. Ne5 Nf6 15. Bf3 Nf5 16. d5 Nh4 17. dxe6 Nxf3+ 18. Qxf3 Bxe6 19. Qxb7 Qd6 20. Nc6 Bd7 21. Ne2 Rac8 22. Ned4 Ng4 23. g3 Rce8 24. Qb4 (24. Qxa6 Qh6 25. h4 Nxf2 $15) 24... Qf6 25. Qd2 (25. Rc5 $14 {is superior.}) 25... Ne5 $11 26. Nxe5 Rxe5 27. Nf3 Re7 28. Qc3 Qxc3 29. Rxc3 Re2 $1 30. Rd1 Bh3 31. Rd2 Rxd2 $1 32. Nxd2 Rd8 33. Re3 Be6 34. Nb3 Rd1+ 35. Kg2 g5 36. f3 Kg7 37. g4 Bd5 38. h3 h5 39. gxh5 f5 40. Kf2 Kh6 41. Nc5 Bxa2 42. Re5 (42. Nxa6 Rd2+ (42... Kxh5 43. Nc5 $11) 43. Ke1 Rxb2 $17) 42... Bb1 43. Nxa6 Kxh5 44. Re8 Rd2+ 45. Re2 Rd6 46. Nb4 f4 47. Nc2 Ba2 48. Ne1 Be6 49. Kg2 Bc4 50. Rc2 Bb3 51. Re2 Rd1 52. Kf2 Kh4 53. Re8 (53. Re5 $1 $11) 53... Rd2+ $17 (53... Kxh3 54. Rh8#) 54. Re2 $2 (54. Kg1 $17) 54... Rd8 $2 (54... Rxe2+ $19 55. Kxe2 Kg3 (55... Kxh3 56. Kf2 $11)) 55. Re7 $11 Kh5 ({Not} 55... Kxh3 56. Rh7#) 56. Re2 Bd1 57. Re5 Rd2+ 58. Kf1 Kg6 59. b4 Bb3 60. b5 Bc4+ 61. Kg1 Rb2 62. h4 gxh4 63. Ng2 Rxb5 64. Nxh4+ (64. Nxf4+ Kf6 65. Re4 Bg8) 64... Kf6 65. Rxb5 Bxb5 66. Ng2 Bc6 67. Nxf4 Bxf3 1/2-1/2

[Event "7th Sharjah Challengers 2024"]
[Site "Sharjah"]
[Date "2024.05.21"]
[Round "8.5"]
[White "Viani Antonio Dcunha"]
[Black "Movahed, Sina"]
[Result "0-1"]
[ECO "B33"]
[WhiteElo "2394"]
[BlackElo "2464"]
[Annotator "TA"]
[PlyCount "102"]
[EventDate "2024.05.13"]
[EventType "swiss"]
[EventCountry "UAE"]
[SourceTitle "playchess.com"]
[Source "ChessBase"]
[SourceQuality "1"]
[TimeControl "5400+30"]

1. e4 c5 2. Nf3 e6 3. d4 cxd4 4. Nxd4 Nf6 5. Nc3 Nc6 6. Ndb5 d6 7. Bf4 e5 8. Bg5 a6 9. Na3 b5 10. Nd5 Be7 11. Bxf6 Bxf6 12. c3 O-O 13. Nc2 Rb8 14. h4 g6 15. g3 Bg7 16. h5 Ne7 17. h6 {[%emt 0:00:00] White has an edge.} Bh8 18. Nce3 Bb7 19. Bg2 Nxd5 20. Nxd5 Re8 21. Qd3 Bxd5 22. Qxd5 Bf6 23. Rd1 Rb6 24. Bf3 Bg5 25. Kf1 Qe7 26. Kg2 Qf8 27. Rh2 Rc8 28. a3 a5 (28... Bxh6 $6 29. Rdh1 Rc5 30. Qd3 $16) 29. Be2 Rc5 (29... Bxh6 30. Rdh1 (30. Bxb5 $2 Rc5 $19) 30... Rc5 31. Qd3 $14) 30. Qd3 Qc8 31. Rhh1 Rcc6 32. Ra1 Qe6 33. Bd1 a4 34. Bc2 Rc5 35. Bb1 Qc4 36. Qf3 {[%emt 0:00:00] [#] Ba2 would now be deadly.} d5 37. Qg4 Be7 38. Qd7 Bf8 39. Re1 {[%emt 0:02:20] [#] Prevents Qe2} (39. Qg4 $1 $11 {keeps the balance.}) 39... Qb3 $1 $17 (39... Bxh6 $2 {perishes.} 40. Ba2 (40. Qd8+ Bf8 $18) 40... Qd3 41. Qd8+ (41. Bxd5 Rxd5 42. Qxd5 Qxd5 $18) (41. exd5 Rf6 $11) 41... Bf8 42. Qxb6 $18) (39... Rd6 $6 40. Qe8 Re6 41. Qb8 $14) 40. Ba2 {[%emt 0:05:12] Now White is beyond hope.} (40. exd5 $17 Qxd5+ (40... Rxd5 41. Qa7 $16) 41. Qxd5 Rxd5 42. Kf1) 40... Qxb2 $19 {[%emt 0:00:46] Strongly threatening ...Rf6.} 41. Bxd5 Rf6 ({Weaker is} 41... Bxh6 42. Qxf7+ Kh8 43. Qg8#) 42. Rf1 Qxc3 43. Qg4 {[%emt 0:04:08] Wards off Qf3+} Bxh6 44. Rad1 $2 (44. Qe2) 44... Qxa3 {[%emt 0:03:13] ...Rc2 is the strong threat.} 45. Rh1 (45. Qe2 $142) 45... Bg7 (45... Rxf2+ $142 46. Kh3 Rc3) 46. Qe2 Rc3 {[%emt 0:02:48] Against Rd3. Threatens to win with ...Qc5.} 47. Rd2 Qc5 {[%emt 0:00:45] Black is clearly winning.} 48. Ra1 a3 {[%emt 0:00:38] Prevents Rb2} 49. Ba2 Bh6 50. Rd5 Rc2 51. Rxc5 Rxe2 {[%emt 0:00:01] Weighted Error Value: White=0.76/Black=0.21 (precise) .  Mistake:       	White=4     	Black=1      Inaccurate:     	White=5     	Black=1      OK:         	White=15    	Black=24     Best:        	---       	Black=3      Strong:       	---       	Black=1} 0-1

[Event "7th Sharjah Challengers 2024"]
[Site "Sharjah"]
[Date "2024.05.21"]
[Round "8.6"]
[White "Ahmad, Al Khatib"]
[Black "Mukund Hemant Agarwal"]
[Result "0-1"]
[ECO "B55"]
[WhiteElo "2380"]
[BlackElo "2090"]
[Annotator "TA"]
[PlyCount "77"]
[EventDate "2024.05.13"]
[EventType "swiss"]
[EventCountry "UAE"]
[SourceTitle "playchess.com"]
[Source "ChessBase"]
[SourceQuality "1"]
[TimeControl "5400+30"]

1. e4 c5 2. Nf3 d6 3. d4 cxd4 4. Nxd4 Nf6 5. Bd3 Nc6 6. Nxc6 bxc6 7. O-O e5 8. c4 Be7 9. Nc3 O-O 10. h3 Be6 11. Be3 d5 12. cxd5 {[%emt 0:14:07] The position is equal.} cxd5 13. exd5 Nxd5 14. Nxd5 Qxd5 15. b3 Rfd8 16. Bc4 Qe4 17. Qb1 Qc6 18. Qb2 Bxc4 $40 {[%emt 0:06:08][%mdl 128] Black attacks.} 19. Rac1 Rab8 20. Qa1 (20. Rxc4 $2 Qxc4 21. Bxa7 Rb5 $19) (20. Qc3 {simplifies} f5 21. Qxc4+ Qxc4 22. Rxc4 Rb7 23. g3) 20... Rb4 21. Rxc4 Rxc4 22. bxc4 Qxc4 23. Qxe5 Bd6 24. Qa5 (24. Qa1 {simplifies} Qa4 25. g3 Be7 26. Rc1) 24... Bc7 25. Qxa7 {[%emt 0:01:37] [#]} (25. Qg5 $11) 25... Bh2+ $1 $17 26. Kxh2 Qxf1 {[%emt 0:00:02][%mdl 4096] Endgame. KQR-KQB} 27. a4 {[%emt 0:01:38][%cal Ba2a4,Ba4a5,Ba5a6,Ba6a7][%mdl 32] Prevents Qb5.} Qa1 28. a5 Qe5+ 29. f4 Qe4 30. a6 $1 Re8 31. Bf2 Ra8 (31... Qxf4+ 32. Bg3 Qf5 33. Qc7 $16) (31... Qc6 $1 $15 32. Qb6 Qxb6 33. Bxb6 Re4) 32. Qc7 $14 {[%emt 0:03:10][%mdl 1024] White has compensation.} h6 ({Worse is} 32... Rxa6 33. Qd8+) ({Avoid the trap} 32... Qe2 $2 33. a7 $18) 33. a7 Re8 34. Bc5 Qa8 35. Bd6 Re2 36. Qb8+ Re8 37. Qxa8 (37. f5 $16) 37... Rd8 {[%emt 0:03:33][%mdl 8192] [#]} 38. Qc8 Rxc8 39. Bb8 {[%emt 0:00:35][%mdl 32768] Weighted Error Value: White=0.14 (very precise) /Black=0.28 (precise) .  Loses game:     	---       	Black=1      Mistake:       	White=2     	Black=1      Inaccurate:     	---       	Black=1      OK:         	White=10    	Black=10     Best:        	White=3     	Black=3      Strong:       	White=1     	---        Brilliant:      	---       	Black=1     . Loss on time!?} 0-1

[Event "7th Sharjah Challengers 2024"]
[Site "Sharjah"]
[Date "2024.05.21"]
[Round "8.7"]
[White "Aradhya, Garg"]
[Black "Mohammad Fahad, Rahman"]
[Result "1/2-1/2"]
[ECO "B13"]
[WhiteElo "2388"]
[BlackElo "2435"]
[Annotator "TA"]
[PlyCount "72"]
[EventDate "2024.05.13"]
[EventType "swiss"]
[EventCountry "UAE"]
[SourceTitle "playchess.com"]
[Source "ChessBase"]
[SourceQuality "1"]
[TimeControl "5400+30"]

1. d4 d5 2. Nf3 Nf6 3. Bf4 c5 4. e3 Nc6 5. Nbd2 cxd4 6. exd4 Bg4 7. c3 e6 8. Bd3 Bd6 9. Bxd6 Qxd6 10. O-O O-O 11. Re1 Rab8 12. a4 Qc7 13. Qe2 Rfe8 {[%emt 0:01:44] The position is equal.} 14. Qe3 {[%emt 0:00:14] Dodges e5} Bxf3 15. Nxf3 a6 16. Re2 Nd7 17. Rae1 Na5 18. h4 Nc4 19. Qc1 b5 20. axb5 axb5 21. b3 Na5 22. Re3 Nf8 23. Qa3 Nc6 24. b4 f6 (24... Nd7 $11) 25. Qa2 Nd8 26. Nd2 Nf7 27. Nb3 e5 28. Nc5 Qc6 29. dxe5 {[%emt 0:03:03] White has more active pieces.} fxe5 30. Bf5 (30. Rd1 $16 {Strongly threatening Bc2.} Red8 31. Bf5) 30... Nd6 $1 $11 31. Bd3 ({Much weaker is} 31. Rxe5 Nxf5 32. Rxe8 Rxe8 $17) (31. Bh3 $11 Ra8 32. Qe2) 31... Nf7 $1 $16 32. Bf5 (32. Rd1 $16 {Hoping for Bc2.} Red8 33. Bf5) 32... Nd6 $1 $11 33. Bd3 ({Reject} 33. Rxe5 Nxf5 34. Rxe8 Rxe8 $17) 33... Ra8 (33... Nf7 $1 $11) 34. Qb3 $16 Nc4 35. Bxc4 bxc4 (35... dxc4 $16 {was called for.} 36. Qd1 Kh8) 36. Qd1 $18 e4 {[%emt 0:01:00] Weighted Error Value: White=0.11 (very precise) /Black=0.14 (very precise) .  Mistake:       	White=3     	Black=3      Inaccurate:     	---       	Black=1      OK:         	White=10    	Black=7      Best:        	White=2     	Black=1      Strong:       	---       	Black=3} 1/2-1/2

[Event "7th Sharjah Challengers 2024"]
[Site "Sharjah"]
[Date "2024.05.21"]
[Round "8.8"]
[White "Liyanage, Ranindu Dilshan"]
[Black "Suyarov, Mukhammadzokhid"]
[Result "1/2-1/2"]
[ECO "E05"]
[WhiteElo "2362"]
[BlackElo "2431"]
[Annotator "TA"]
[PlyCount "115"]
[EventDate "2024.05.13"]
[EventType "swiss"]
[EventCountry "UAE"]
[SourceTitle "playchess.com"]
[Source "ChessBase"]
[SourceQuality "1"]
[TimeControl "5400+30"]

1. d4 d5 2. c4 e6 3. Nf3 Nf6 4. g3 Be7 5. Bg2 O-O 6. O-O dxc4 7. Qc2 a6 8. a4 Bd7 9. Rd1 Bc6 10. Nc3 Bxf3 11. Bxf3 Nc6 12. Bxc6 bxc6 13. a5 Rb8 14. Ra4 Rb4 15. Na2 Rxa4 16. Qxa4 Qb8 17. Qxc4 Qb7 18. b4 Rb8 19. Bd2 Ne4 20. Bf4 Nd6 21. Qc2 Nb5 22. h4 Rd8 23. e3 Bd6 24. Rc1 Bxf4 25. gxf4 Rd6 26. Nc3 Nxc3 27. Qxc3 Qb5 28. Qc4 Qh5 29. Qxa6 h6 30. Qc8+ $2 (30. Rxc6 Qg4+ 31. Kh2 Qxh4+ 32. Kg2 Qg4+ 33. Kh2 Qh4+ 34. Kg2 Qg4+ 35. Kh2 Qh5+ 36. Kg1 (36. Kg3 Qg6+ 37. Kh2 Qh5+ 38. Kg1 Qf3 $11) 36... Qg4+ 37. Kf1 Qd1+ 38. Kg2 Qg4+ $11) (30. Qc4 $18) 30... Kh7 $14 31. Qxc7 Qg6+ $1 32. Kf1 (32. Kh2 e5 33. a6 (33. fxe5 Qf5 $11) (33. dxe5 Rd2 $11) 33... Qf6 $18) 32... e5 $2 (32... Qd3+ $16 33. Kg2 Qg6+ 34. Kf1 (34. Kh2 e5 $18) 34... Qd3+ 35. Kg2 Qg6+ 36. Kh2 e5) 33. f5 (33. dxe5 Qd3+ 34. Kg2 Rg6+ 35. Kf3 Qd5+ 36. Ke2 Qa2+ 37. Kf3 Qd5+ 38. Ke2 Qa2+ 39. Kf3 Qd5+ $11) (33. h5 $142 Qd3+ 34. Kg1) 33... Qf6 $18 {[%emt 0:00:59] [#]} 34. d5 $2 ({White has to play} 34. dxe5 $1 $18 Qxe5 35. Qxf7 (35. Rxc6 Rd1+ 36. Ke2 Qd5 $17)) 34... cxd5 $11 35. b5 d4 $1 36. Rc6 dxe3 37. Qxd6 Qxf5 38. Rc2 Qxc2 39. fxe3 Qb1+ 40. Ke2 e4 $1 (40... Qxb5+ $2 41. Qd3+ Qxd3+ 42. Kxd3 $18) 41. b6 Qb5+ 42. Kf2 Qf5+ $2 (42... Qxa5 $11 {and Black is okay.} 43. b7 Qa2+ 44. Kg3 Qa7) 43. Qf4 $18 Qxa5 $2 {[%emt 0:00:05] [#]} (43... Qd5 $18 44. a6 Qa2+ 45. Kg3 Qxa6) 44. Qxe4+ $2 ({Stronger than} 44. Qxf7 Qxb6 45. Qf5+ Qg6 $11) (44. b7 $1 {mates} Qd2+ 45. Kg3 Qe1+ 46. Qf2 Qb1 47. Qf5+ (47. Qxf7 Qg1+ 48. Kf4 Qf1+ 49. Kxe4 Qxf7 $11) 47... Kh8 48. Qc8+ (48. Qxf7 Qg1+ 49. Kf4 Qf1+ 50. Kxe4 Qxf7 $11) 48... Kh7 49. b8=Q (49. b8=B Qe1+ 50. Kf4 Qxh4+ 51. Ke5 Qh2+ 52. Kxe4 Qh1+ 53. Kf4 Qg2 $11) 49... Qe1+ 50. Kg4 h5+ 51. Kf5 (51. Kxh5 Qe2+ 52. Kg5 Qxe3+ 53. Qf4 f6+ 54. Kg4 Qg1+ 55. Kf5 Qg2) 51... Qf1+ 52. Ke5 (52. Kxe4 Qh1+ 53. Ke5 Qh2+ 54. Kd5 Qg2+ 55. Kd6 Qg6+ 56. Ke7 Qf6+ 57. Kf8 Qh6) 52... Qa1+ 53. Kd6 (53. Kxe4 Qh1+ 54. Ke5 Qh2+ 55. Kd5 Qa2+ 56. Kd6 Qd2+ 57. Kc6 Qg2+ 58. Kd7 Qh3+ 59. Kd8 Qxh4+ 60. Ke8 Qe4+ 61. Kf8 Kh6) 53... Qf6+ 54. Kd5) 44... f5 $18 45. Qd4 Qb5 {[%emt 0:00:33] [#]} 46. Ke1 $2 (46. e4 $1 $18) 46... Kg6 $1 $11 47. Kd2 Kh5 48. Kc3 g5 $1 49. hxg5 hxg5 50. Qb4 Qc6+ 51. Kb2 Qg2+ 52. Kc3 Qc6+ 53. Kb3 Qe6+ 54. Kb2 Qxe3 55. b7 Qe2+ 56. Kc1 Qe3+ 57. Kc2 Qe2+ 58. Kc1 1/2-1/2

[Event "7th Sharjah Challengers 2024"]
[Site "Sharjah"]
[Date "2024.05.21"]
[Round "8.9"]
[White "Daksh Jain"]
[Black "Nofal, Mohamed"]
[Result "1/2-1/2"]
[ECO "B13"]
[WhiteElo "2101"]
[BlackElo "1962"]
[Annotator "RC"]
[PlyCount "67"]
[EventDate "2024.05.13"]
[EventType "swiss"]
[EventCountry "UAE"]
[SourceTitle "playchess.com"]
[Source "ChessBase"]
[SourceQuality "1"]
[TimeControl "5400+30"]

1. e4 c6 2. d4 d5 3. exd5 cxd5 4. Bd3 Nc6 5. c3 Nf6 6. Bf4 Bg4 7. Qb3 Qd7 8. Nd2 e6 9. Ngf3 Bd6 10. Bxd6 Qxd6 11. O-O O-O 12. Rae1 Ne7 13. Ne5 Bf5 14. Qc2 Bxd3 15. Qxd3 Rab8 16. f4 b5 17. a3 a5 18. b4 Qc7 19. g4 a4 20. Re3 Ne8 21. Rh3 f5 22. g5 Nd6 23. Qg3 Ng6 24. Nxg6 hxg6 25. Nf3 Nc4 26. Rh4 Kf7 27. Qh3 Qc8 28. Ne5+ Nxe5 29. fxe5 Rh8 30. Rxh8 Qxh8 31. Qxh8 Rxh8 32. Rf3 Rh4 33. h3 Re4 34. Kf2 1/2-1/2

[Event "7th Sharjah Challengers 2024"]
[Site "Sharjah"]
[Date "2024.05.21"]
[Round "8.10"]
[White "Baranciuc, Alexandr"]
[Black "Pang, Tao"]
[Result "1/2-1/2"]
[ECO "C19"]
[WhiteElo "2333"]
[BlackElo "2496"]
[Annotator "TA"]
[PlyCount "63"]
[EventDate "2024.05.13"]
[EventType "swiss"]
[EventCountry "UAE"]
[SourceTitle "playchess.com"]
[Source "ChessBase"]
[SourceQuality "1"]
[TimeControl "5400+30"]

1. e4 e6 2. d4 d5 3. Nc3 Bb4 4. e5 c5 5. a3 Bxc3+ 6. bxc3 Ne7 7. a4 b6 8. Bb5+ Kf8 (8... Bd7 $11) 9. Ba3 $14 c4 {[%emt 0:08:29] [#] White must now prevent ...a6.} 10. a5 $1 {[%emt 0:00:30] Black is weak on the dark squares. White is better.} bxa5 11. Qf3 Ba6 $1 12. Bxa6 (12. Nh3 $5 Kg8 (12... Bxb5 $2 {loses.} 13. Ng5 $18) 13. Ng5 $11) 12... Nxa6 13. Nh3 {[%emt 0:00:08] Ng5 would now be deadly.} Kg8 14. Kd2 {[%emt 0:03:47][%mdl 1024] White has compensation.} (14. Bxe7 {simplifies} Qxe7 15. Qg3 g6 16. Rxa5 Nc7 17. f4) 14... Rb8 {[%emt 0:13:25] [#]} (14... Nf5 $11) 15. Rhg1 {[%emt 0:17:17] White is much more active. The black rooks are passive.} (15. Bxe7 $1 $16 Qxe7 16. Rxa5) 15... Ng6 16. g4 h6 17. Qe3 h5 18. Nf4 Nxf4 19. Qxf4 Nc7 20. Bd6 {[%emt 0:04:02] gxh5 is the strong threat.} g6 (20... Rb7 $5) 21. g5 Rb7 22. Rxa5 Nb5 23. Bb4 Qd7 24. Bc5 (24. Rga1 {feels hotter.} Kg7 25. Bc5 Rc8 26. Qf3) 24... Kh7 25. Rga1 Ra8 26. Ra6 Kg8 27. Qe3 Rc8 28. f4 Rc6 29. Qe1 Rxa6 30. Rxa6 Nc7 31. Rxa7 Rxa7 32. Bxa7 {[%emt 0:00:03] Weighted Error Value: White=0.18 (very precise) /Black=0.19 (very precise) .  Mistake:       	White=1     	Black=2      Inaccurate:     	White=2     	Black=3      OK:         	White=6     	Black=8      Best:        	White=1     	---        Strong:       	---       	Black=1} 1/2-1/2

[Event "7th Sharjah Challengers 2024"]
[Site "Sharjah"]
[Date "2024.05.21"]
[Round "8.11"]
[White "Rios Gomez, Cristhian Camilo"]
[Black "Sahakyan, Aleks"]
[Result "1/2-1/2"]
[ECO "D02"]
[WhiteElo "2472"]
[BlackElo "2334"]
[Annotator "TA"]
[PlyCount "43"]
[EventDate "2024.05.13"]
[EventType "swiss"]
[EventCountry "UAE"]
[SourceTitle "playchess.com"]
[Source "ChessBase"]
[SourceQuality "1"]
[TimeControl "5400+30"]

1. d4 Nf6 2. Nf3 d5 3. Bf4 c5 4. e3 Nc6 5. Nbd2 Nh5 6. dxc5 Nxf4 7. exf4 a5 8. Bb5 {[%emt 0:00:23] White is slightly better.} e6 9. Ne5 Bd7 10. Nd3 Nb4 11. Bxd7+ Qxd7 12. Nxb4 axb4 13. Nb3 Be7 {[%emt 0:06:09][%mdl 1024] Black has compensation.} 14. Qd2 Bf6 15. Nd4 O-O 16. O-O Rfc8 17. b3 (17. Qxb4 $11 {remains equal.} Ra4 18. c6 Rxb4 19. cxd7) 17... Qc7 ({Don't do} 17... Rxc5 18. Qxb4 Rac8 19. Rac1 $15) 18. Qxb4 Qxc5 (18... Qxf4 $17 19. c3 Qc7) 19. Qxc5 $11 Rxc5 20. Rfd1 Bxd4 21. Rxd4 Rxc2 22. a4 {[%emt 0:00:48] Weighted Error Value: White=0.21 (precise) /Black=0.16 (very precise) .  Mistake:       	White=1     	Black=1      Inaccurate:     	White=2     	Black=2      OK:         	White=6     	Black=7      Best:        	White=1     	Black=1} 1/2-1/2

[Event "7th Sharjah Challengers 2024"]
[Site "Sharjah"]
[Date "2024.05.21"]
[Round "8.12"]
[White "Kazarian, Anna-Maja"]
[Black "Hesham, Abdelrahman"]
[Result "1-0"]
[ECO "C54"]
[WhiteElo "2182"]
[BlackElo "2394"]
[Annotator "TA"]
[PlyCount "129"]
[EventDate "2024.05.13"]
[EventType "swiss"]
[EventCountry "UAE"]
[SourceTitle "playchess.com"]
[Source "ChessBase"]
[SourceQuality "1"]
[TimeControl "5400+30"]

1. e4 e5 2. Nf3 Nc6 3. Bc4 Bc5 4. c3 Nf6 5. d3 a6 6. a4 d6 7. O-O Ba7 8. Be3 O-O 9. Bxa7 $1 {[%emt 0:00:17][%mdl 4] now scores much better than the old 9.Nbd2.} Rxa7 10. Re1 {[%emt 0:01:15] C54: Giuoco Piano: 4 c3 Nf6, main lines with 5 d4 and 5 d3.} Ne7 11. Nbd2 Ng6 12. Nf1 c6 13. Bb3 Nh5 $146 (13... Ra8 $11) ({Predecessor:} 13... h6 14. Ng3 Be6 15. d4 Qc8 16. Bc2 Ra8 17. Nf5 Qc7 18. Ne3 Rae8 19. a5 Bc8 {½-½ Li,C (2458)-Ruan,L (2370) All China Games 3rd 2006 (5)}) 14. d4 $14 Nhf4 15. dxe5 Nxe5 16. Nxe5 dxe5 (16... Qg5 {feels hotter.} 17. Qf3 dxe5 18. Ne3 h5) 17. Qxd8 Rxd8 18. Rad1 Re8 19. a5 Kf8 20. Ne3 g6 (20... Ra8 $14) 21. g3 Ne6 22. Nc4 Ng5 (22... Ra8 $142) 23. Rd3 Bg4 {[%emt 0:01:22] [#]} 24. Bd1 (24. Ree3 $1 $16) 24... Bxd1 $14 25. Rexd1 Nxe4 26. Nb6 Nc5 27. Rd8 Nb3 28. R1d7 (28. f3 $16) 28... Nxa5 $11 29. Rxe8+ ({Much weaker is} 29. Nc8 Ra8 30. Rxe8+ Kxe8 $17) 29... Kxe8 30. Rc7 h5 31. b4 Nb3 32. Nc4 $1 f6 33. Nd6+ Kd8 ({Better is} 33... Kf8 $1 $14) 34. Rg7 $16 Nc1 (34... g5 $142) 35. Nxb7+ $16 Kc8 36. Nd6+ Kb8 37. Rg8+ (37. Rxg6 $16 Ne2+ 38. Kg2) 37... Kc7 $11 38. Rg7+ ({White should try} 38. Nc4 $11 Ne2+ 39. Kg2 Nxc3 40. Rg7+ Kb8 41. Rxg6) 38... Kb8 $16 39. Rg8+ ({Only move:} 39. Rxg6 $16 Ne2+ 40. Kg2) 39... Kc7 $11 40. Rg7+ Kxd6 (40... Kb8 $11 {remains equal.} 41. Rxg6 Ne2+ 42. Kg2 Nxc3) 41. Rxa7 $16 Ne2+ 42. Kf1 Nxc3 43. Rxa6 e4 44. Ke1 f5 $2 (44... Kd7 45. Ra7+ Ke6) 45. Kd2 $18 Nb5 46. Ra8 Nd4 47. h4 Ke5 (47... Kd7 $142 48. Rf8 Nf3+ 49. Ke3 Ke7) 48. Rg8 $18 Kf6 49. Kc3 Ne2+ 50. Kc4 f4 51. gxf4 Nxf4 52. Rc8 Nd3 53. Rxc6+ Kf5 54. Rc8 (54. b5 $142 Nxf2 55. b6) 54... g5 55. Rf8+ Kg4 56. hxg5 h4 57. f3+ Kxg5 58. fxe4 Ne5+ 59. Kd5 Nd7 60. Rg8+ Kf4 61. Rh8 Nf6+ 62. Kd4 Kg4 63. e5 Nh5 64. e6 h3 65. Rxh5 1-0